 Dungeon Crawl Stone Soup version 0.31-a0-128-g25add195a6 (webtiles) character file.

Game seed: 2243864962036259278

246 Hubris850 the Chopper (level 6, -3/39 (50) HPs)
             Began as a Gnoll Reaver on June 1, 2023.
             Slain by Grinder (5 damage)
             ... while paralysed by Grinder
             ... on level 4 of the Dungeon.
             The game lasted 00:05:07 (2768 turns).

Hubris850 the Chopper (Gnoll Reaver)                Turns: 2768, Time: 00:05:08

HP:   -3/39 (50)    AC:  7    Str: 14    XL:     6   Next: 11%
MP:   14/14         EV:  2    Int: 12    God:
Gold: 132           SH:  0    Dex: 10    Spells: 14/15 levels left

rFire   . . .        a - +0 hand axe
rCold   . . .        (no shield)
rNeg    . . .        c - +0 ring mail
rPois   .            n - +0 helmet
rElec   .            g - +0 cloak
rCorr   .            (no gloves)
SInv    .            (no boots)
Will    .....        (no amulet)
Stlth   +            (no ring)
HPRegen 0.26/turn    (no ring)
MPRegen 0.14/turn

%: no passive effects
@: paralysed, heavily drained
A: fangs 1, strong nose, distributed training
a: no special abilities


You were on level 4 of the Dungeon.
You visited 1 branch of the dungeon, and saw 4 of its levels.

You collected 132 gold pieces.

Inventory:

Hand Weapons
 a - a +0 hand axe (weapon)
Missiles
 o - 4 javelins
 p - 8 poisoned darts
 q - 2 throwing nets
Armour
 b - a +0 leather armour
 c - a +0 ring mail (worn)
 g - a +0 cloak (worn)
 n - a +0 helmet (worn)
Jewellery
 u - a +6 ring of dexterity
Wands
 l - a wand of polymorph (12)
Scrolls
 h - a scroll of amnesia {unknown}
 i - 2 scrolls of identify {unknown}
 j - a scroll of enchant armour {unknown}
 k - 4 scrolls of immolation
 m - a scroll of teleportation {unknown}
 s - a scroll of fear {unknown}
 t - a scroll of torment {unknown}
Potions
 d - 2 potions of curing {unknown}
 e - a potion of lignification {unknown}
 f - a potion of berserk rage {unknown}
 r - a potion of invisibility {unknown}


   Skills:
 + Level 4.9 Fighting
 + Level 1.9 Short Blades
 + Level 1.9 Long Blades
 + Level 6.8 Axes
 + Level 1.9 Maces & Flails
 + Level 1.9 Polearms
 + Level 1.9 Staves
 + Level 1.9 Ranged Weapons
 + Level 1.9 Throwing
 + Level 1.9 Armour
 + Level 4.9 Dodging
 + Level 1.9 Stealth
 + Level 1.9 Shields
 + Level 1.9 Unarmed Combat
 + Level 5.3 Spellcasting
 + Level 5.6 Conjurations
 + Level 1.5 Hexes
 + Level 1.5 Summonings
 + Level 1.5 Necromancy
 + Level 1.5 Translocations
 + Level 1.5 Transmutations
 + Level 1.5 Fire Magic
 + Level 1.5 Ice Magic
 + Level 1.5 Air Magic
 + Level 1.5 Earth Magic
 + Level 1.5 Poison Magic
 + Level 2.1 Invocations
 + Level 1.9 Evocations


You had 14 spell levels left.
You knew the following spells:

 Your Spells              Type           Power      Damage    Failure   Level
a - Kiss of Death         Conj/Necr      44%        2d8       9%          1

Your spell library contained the following spells:

 Spells                   Type           Power      Damage    Failure   Level
 Magic Dart               Conj           64%        1d6       3%          1
 Searing Ray              Conj           32%        2d5       5%          2
 Momentum Strike          Conj/Tloc      22%        3d8       13%         2
 Apportation              Tloc           12%        N/A       21%         1
 Necrotise                Necr           24%        1d5       21%         1
 Summon Small Mammal      Summ           24%        N/A       21%         1
 Hailstorm                Conj/Ice       11%        3d5       26%         3
 Stone Arrow              Conj/Erth      22%        3d8       26%         3
 Fulminant Prism          Conj/Hex       5%         3d7       65%         4
 Animate Armour           Summ/Erth      12%        N/A       90%         4
 Lehudib's Crystal Spear  Conj/Erth      5%         10d3      100%        8


Dungeon Overview and Level Annotations

Branches:
Dungeon (4/15)
 Temple: D:4-7

Altars:
Xom

Annotations:
D:4 Grinder


Innate Abilities, Weirdness & Mutations

You have very sharp teeth.
Your uncanny sense of smell can sniff out nearby items.
Your experience applies equally to all skills.


Message History

Grinder barely misses you.
You hit Grinder. Your bite misses Grinder.
Grinder is lightly wounded.
Grinder gestures at you. You resist with significant effort.
Okay, then.
You hit Grinder. Your bite misses Grinder.
Grinder is lightly wounded.
Grinder hits you.
You writhe in agony.
You hit Grinder.
Grinder is moderately wounded.
Grinder hits you.
You writhe in agony.
You hit Grinder.
Grinder is heavily wounded.
Grinder hits you.
You writhe in agony.
* * * LOW HITPOINT WARNING * * *
You completely miss Grinder. Your bite misses Grinder.
Grinder is heavily wounded.
Grinder hits you but does no damage.
You hit Grinder but do no damage.
Grinder is heavily wounded.
Grinder gestures at you. Pain shoots through your body!
* * * LOW HITPOINT WARNING * * *
You hit Grinder. You bite Grinder, but do no damage.
Grinder is heavily wounded.
Grinder says, "Mostly I couldn't keep them alive."
Grinder hits you but does no damage.
You hit Grinder.
Grinder is heavily wounded.
Grinder gestures at you.
You suddenly lose the ability to move!
Grinder hits you.
* * * LOW HITPOINT WARNING * * *
You writhe in agony.
* * * LOW HITPOINT WARNING * * *
Grinder hits you.
* * * LOW HITPOINT WARNING * * *
You writhe in agony.
You die...

##
#########
..#.....5.#
.#.#####@#
.. ..##.#
.5.#.
#.##.# ...
#.##.##.#
##
#.......#
###..####
#.##
####.####
#.......#


You could see Grinder.

Vanquished Creatures
  A scorpion (D:3)
  Jessica (D:3)
  Robin (D:3)
  A gnoll (D:3)
  5 adders
  A worm (D:2)
  A dart slug (D:3)
  3 orcs (D:3)
  14 bats
  5 endoplasms
  5 giant cockroaches
  13 goblins
  9 hobgoblins
  3 quokkas (D:1)
  2 ball pythons
  6 frilled lizards
  10 kobolds
  5 rats
86 creatures vanquished.

Notes
Turn   | Place    | Note
-------+----------+-------------------------------------------
     0 | D:1      | Hubris850 the Gnoll Reaver began the quest for the Orb.
     0 | D:1      | Reached XP level 1. HP: 20/20 MP: 6/6
   162 | D:1      | Reached XP level 2. HP: 26/26 MP: 7/7
   413 | D:1      | Reached skill level 5 in Spellcasting
   413 | D:1      | Reached XP level 3. HP: 30/31 MP: 7/9
   683 | D:2      | Found a shimmering altar of Xom.
   732 | D:2      | Reached skill level 1 in Invocations
   758 | D:2      | Found a faded altar of an unknown god.
  1112 | D:2      | Reached skill level 1 in Short Blades
  1112 | D:2      | Reached skill level 1 in Long Blades
  1112 | D:2      | Reached skill level 1 in Maces & Flails
  1112 | D:2      | Reached skill level 1 in Polearms
  1112 | D:2      | Reached skill level 1 in Staves
  1112 | D:2      | Reached skill level 1 in Ranged Weapons
  1112 | D:2      | Reached skill level 1 in Throwing
  1112 | D:2      | Reached skill level 1 in Armour
  1112 | D:2      | Reached skill level 1 in Stealth
  1112 | D:2      | Reached skill level 1 in Shields
  1112 | D:2      | Reached skill level 1 in Unarmed Combat
  1112 | D:2      | Reached skill level 1 in Evocations
  1484 | D:3      | Reached XP level 4. HP: 38/38 MP: 11/11
  1534 | D:3      | Noticed Robin
  1550 | D:3      | Killed Robin
  1551 | D:3      | Reached skill level 1 in Hexes
  1551 | D:3      | Reached skill level 1 in Summonings
  1551 | D:3      | Reached skill level 1 in Necromancy
  1551 | D:3      | Reached skill level 1 in Translocations
  1551 | D:3      | Reached skill level 1 in Transmutations
  1551 | D:3      | Reached skill level 1 in Fire Magic
  1551 | D:3      | Reached skill level 1 in Ice Magic
  1551 | D:3      | Reached skill level 1 in Air Magic
  1551 | D:3      | Reached skill level 1 in Earth Magic
  1551 | D:3      | Reached skill level 1 in Poison Magic
  1594 | D:3      | Noticed Jessica
  1600 | D:3      | Killed Jessica
  1718 | D:3      | Reached XP level 5. HP: 33/43 MP: 12/12
  2334 | D:3      | Reached XP level 6. HP: 26/37 MP: 13/13
  2747 | D:4      | Noticed Grinder
  2766 | D:4      | Paralysed by Grinder for 5 turns
  2768 | D:4      | Slain by Grinder

Illustrated notes

Levels and vault maps discovered:
D:1:      psy_arrival_heroes, layout_rooms, minmay_small_reverse_x
D:2:      layout_basic, hellmonk_ecumenical_altar_blasted, basic_altar
D:3:      minmay_chambers_of_threes, layout_loops_ring,
          kennysheep_generic_room_15, uniq_robin, uniq_jessica
D:4:      layout_loops_cross, mainiacjoe_overflow_cross_hatched,
          ebering_ghost_rock_garden, uniq_eustachio, uniq_grinder

Skill      XL: |  1  2  3  4  5 |
---------------+----------------+-----
Spellcasting   | 5 |  5.3
Invocations    | 1 2 |  2.1
Short Blades   | 1 |  1.9
Long Blades    | 1 |  1.9
Maces & Flails | 1 |  1.9
Polearms       | 1 |  1.9
Staves         | 1 |  1.9
Ranged Weapons | 1 |  1.9
Throwing       | 1 |  1.9
Armour         | 1 |  1.9
Stealth        | 1 |  1.9
Shields        | 1 |  1.9
Unarmed Combat | 1 |  1.9
Evocations     | 1 |  1.9
Hexes          | 1 |  1.5
Summonings     | 1 |  1.5
Necromancy     | 1 |  1.5
Translocations | 1 |  1.5
Transmutations | 1 |  1.5
Fire Magic     | 1 |  1.5
Ice Magic      | 1 |  1.5
Air Magic      | 1 |  1.5
Earth Magic    | 1 |  1.5
Poison Magic   | 1 |  1.5
Fighting       | |  4.9
Axes           | |  6.8
Dodging        | |  4.9
Conjurations   | |  5.6

Action                     |  1- 3 |  4- 6 || total
---------------------------+-------+-------++-------
  Melee: Hand axe          |   140 |   159 ||   299
         Bite              |    15 |    15 ||    30
         Punch             |     3 |     2 ||     5
   Cast: Kiss of Death     |       |     3 ||     3
 Armour: Ring mail         |    69 |    70 ||   139
  Dodge: Dodged            |    84 |   111 ||   195

Table legend: (Time is in decaauts)
 A = Elapsed time spent in this place.
 B = Non-inter-level travel time spent in this place.
 C = Inter-level travel time spent in this place.
 D = Time resting spent in this place.
 E = Time spent auto-exploring this place.
 F = Levels seen in this place.
 G = Mean time per level.
                   A        B        C        D        E       F      G
               +--------+--------+--------+--------+--------+-----+--------+
         Total |   2758 |   2691 |     67 |    300 |   1805 |   4 |  689.5 |
       Dungeon |   2758 |   2691 |     67 |    300 |   1805 |   4 |  689.5 |
               +--------+--------+--------+--------+--------+-----+--------+

Top non-repeatable levels by time:
     D:3: 1236 daAuts
     D:2: 800 daAuts
     D:1: 618 daAuts
     D:4: 103 daAuts
